 Dungeon Crawl Stone Soup version 0.18-a0-1203-gbde16db (webtiles) character file.

678389 melenkurio the Metallomancer (level 27, -5/209 HPs)
             Began as a Deep Dwarf Earth Elementalist on Jan 14, 2016.
             Was the Champion of Makhleb.
             Slain by an azure jelly (20 damage)
             ... on level 6 of the Pits of Slime on Jan 31, 2016.
             The game lasted 13:49:46 (111116 turns).

melenkurio the Metallomancer (DDEE)               Turns: 111116, Time: 13:49:46

Health: -5/209     AC: 26    Str: 25 (26) XL:     27
Magic:  47/52      EV: 34    Int: 36      God:    Makhleb [******]
Gold:   2341       SH:  9    Dex: 25 (27) Spells: 8 memorised, 27 levels left

rFire  + . .     SeeInvis +     q - +7 broad axe "Tywu" {chop, Str+4 Dex+2}
rCold  . . .     Gourm    +     B - +5 leather armour of Ran Botz {rPois Str+9}
rNeg   + + .     Faith    .     M - +3 buckler {AC+3}
rPois  +         Spirit   .     p - +3 crown of Dyrovepreva {rElec Int+2 SInv}
rElec  +         Dismiss  .     X - +1 cloak "Qirihubuock" {rPois Dex+4}
rCorr  +         Reflect  .     (no gloves)
SustAt .         Harm     .     Y - +1 pair of boots of the Leaf {rF+ rCorr}
MR     ++++.                    h - amulet of the gourmand
Stlth  ++++......               g - ring of Surprise {rElec Int+4 Dex+3 Slay+3}
                                Z - ring "Zulutoyn" {+Fly rN+ MP+9 Int+4 Dex+3}

@: stone skin, very slightly contaminated, non-regenerating, hasted, very quick,
incredibly resistant to hostile enchantments, stealthy
A: damage resistance, recharge devices, thin skeletal structure 1, deterioration
2, frail 2, negative energy resistance 1, sense surroundings 3, screaming 1,
electricity resistance, slow regeneration 3, weak 1
a: Device Recharging, Minor Destruction, Lesser Servant of Makhleb, Major
Destruction, Greater Servant of Makhleb, Renounce Religion, Evoke Flight
}: 3/15 runes: serpentine, barnacled, silver


You were on level 6 of the Pits of Slime.
You worshipped Makhleb.
Makhleb was exalted by your worship.
You were not hungry.

You visited 10 branches of the dungeon, and saw 53 of its levels.
You also visited: Trove and Ice Cave.

You collected 5836 gold pieces.
You spent 3495 gold pieces at shops.

Inventory:

Hand Weapons
 q - the +7 broad axe "Tywu" (weapon) {chop, Str+4 Dex+2}
   (You found it on level 6 of the Lair of Beasts)

   It inflicts extra damage upon your enemies.
   It affects your strength (+4).
   It affects your dexterity (+2).
Missiles
 b - 1261 stones (quivered)
Armour
 p - the +3 crown of Dyrovepreva (worn) {rElec Int+2 SInv}
   (You found it on level 2 of the Vaults)

   It affects your intelligence (+2).
   It insulates you from electricity.
   It lets you see invisible.
 r - the +2 robe of Wusmok {rN+++ Slay-2 SInv Stlth-}
   (You bought it in a shop on level 2 of the Orcish Mines)

   It affects your accuracy and damage with ranged weapons and melee attacks
   (-2).
   It renders you almost immune to negative energy.
   It lets you see invisible.
   It makes you less stealthy.
 B - the +5 leather armour of Ran Botz (worn) {rPois Str+9}
   (You found it on level 6 of the Lair of Beasts)

   It affects your strength (+9).
   It protects you from poison.
 M - a +3 buckler of protection (worn)
 S - a +2 robe of resistance
 X - the +1 cloak "Qirihubuock" (worn) {rPois Dex+4}
   (You acquired it on level 8 of the Lair of Beasts)

   It affects your dexterity (+4).
   It protects you from poison.
 Y - the +1 pair of boots of the Leaf (worn) {rF+ rCorr}
   (You found it on level 5 of the Vaults)

   It protects you from fire.
   It protects you from acid and corrosion.
Magical Staves
 n - an uncursed staff of power
Jewellery
 g - the ring of Surprise (right hand) {rElec Int+4 Dex+3 Slay+3}
   (You took it off a hell knight on level 5 of the Vaults)

   [ring of intelligence]

   It affects your intelligence (+4).
   It affects your dexterity (+3).
   It affects your accuracy and damage with ranged weapons and melee attacks
   (+3).
   It insulates you from electricity.
 h - an amulet of the gourmand (around neck)
 s - an uncursed ring of ice
 y - the ring of the Final Chapter {rF+ Int+5}
   (You bought it in a shop on level 2 of the Orcish Mines)

   [ring of protection from fire]

   It affects your intelligence (+5).
   It protects you from fire.
 z - an uncursed ring of teleportation
 P - an uncursed amulet of magic regeneration
 Z - the ring "Zulutoyn" (left hand) {+Fly rN+ MP+9 Int+4 Dex+3}
   (You found it on level 5 of the Vaults)

   [ring of magical power]

   It affects your intelligence (+4).
   It affects your dexterity (+3).
   It protects you from negative energy.
   It affects your magic capacity (+9).
   It lets you fly.
Wands
 c - a wand of teleportation (3/9)
 C - a wand of hasting (4/9)
 E - a wand of heal wounds (0/9)
 N - a wand of teleportation (5/9)
Scrolls
 d - 2 scrolls of blinking
 m - 5 scrolls of teleportation
 o - 4 scrolls of fear
 t - 5 scrolls of magic mapping
 D - 3 scrolls of identify
 T - 11 scrolls of remove curse
 U - a scroll of fog
Potions
 a - a potion of magic
 e - 2 potions of cure mutation
 k - 5 potions of agility
 v - 7 potions of might
 x - 2 potions of heal wounds
 A - 10 potions of curing
 F - 5 potions of cancellation
 H - 6 potions of brilliance
 I - 2 potions of resistance
 O - 3 potions of ambrosia
 Q - 2 potions of invisibility
 R - 4 potions of haste
Books
 j - a book of Power

   Spells                             Type                      Level
   a - Fulminant Prism                Conjuration/Hexes            4
   b - Iskenderun's Mystic Blast      Conjuration                  4
   c - Venom Bolt                     Conjuration/Poison           5
   d - Bolt of Magma                  Conjuration/Fire/Earth       5
   e - Iron Shot                      Conjuration/Earth            6
   f - Orb of Destruction             Conjuration                  7
   g - Spellforged Servitor           Conjuration/Summoning        7
 K - a book of Battle

   Spells                             Type                      Level
   a - Infusion                       Charms                       1
   b - Shroud of Golubria             Charms/Translocation         2
   c - Song of Slaying                Charms                       2
   d - Spectral Weapon                Hexes/Charms                 3
   e - Regeneration                   Charms/Necromancy            3
 V - a book of Burglary

   Spells                             Type                      Level
   a - Swiftness                      Charms/Air                   2
   b - Passwall                       Transmutation/Earth          3
   c - Passage of Golubria            Translocation                4
   d - Lee's Rapid Deconstruction     Earth                        5
   e - Darkness                       Hexes                        6
   f - Invisibility                   Hexes                        6
Miscellaneous
 L - a legendary deck of wonders {Wild Magic}
Comestibles
 f - 22 bread rations
 i - 10 slices of pizza
 u - 25 meat rations
 w - a royal jelly
 G - 15 beef jerkies
 J - 31 fruits


   Skills:
 + Level 18.3 Fighting
 - Level 16.0 Axes
 - Level 10.0 Armour
 + Level 21.4 Dodging
 + Level 5.2 Stealth
 - Level 4.1 Shields
 + Level 18.6 Spellcasting
 + Level 19.7 Conjurations
 - Level 10.1 Charms
 - Level 0.8 Transmutations
 - Level 24.8 Earth Magic
 - Level 2.3 Invocations


You had 27 spell levels left.
You knew the following spells:

 Your Spells              Type           Power        Failure   Level  Hunger
b - Stoneskin             Trmt/Erth      #######.     0%          2    None
c - Iron Shot             Conj/Erth      ########..   1%          6    None
d - Passwall              Trmt/Erth      #######...   0%          3    None
e - Lee's Rapid Deconstr  Erth           ########..   0%          5    None
f - Petrify               Trmt/Erth      #######.     1%          4    None
g - Haste                 Chrm           #######.     2%          6    None
h - Stone Arrow           Conj/Erth      ######       0%          3    None
i - Orb of Destruction    Conj           ########..   1%          7    ##.....


Dungeon Overview and Level Annotations

Branches:
Dungeon (15/15)            Temple (1/1) D:5            Lair (8/8) D:8
 Shoals (4/4) Lair:4        Snake (4/4) Lair:4        Slime (6/6) Lair:8
    Orc (2/2) D:11            Elf (3/3) Orc:2        Vaults (5/5) D:14
  Crypt (0/3) Vaults:3     Depths (5/5) D:15            Zot (0/5) Depths:5

Altars:
Ashenzari
Cheibriados
Dithmenos
Elyvilon
Fedhas
Gozag
Kikubaaqudgha
Makhleb
Nemelex Xobeh
Okawaru
Pakellas
Qazlal
Ru
Sif Muna
Trog
Vehumet
Xom
Yredelemnul
Zin
The Shining One
Jiyva

Shops:
D:9 ?   Orc:1 *   Orc:2 [*=(   Elf:1 [   Elf:3 [[*?   Shoals:1 *   Shoals:3 (
Snake:1 :*}:(   Vaults:3 (   Vaults:4 *![   Vaults:5 !?(%   Depths:5 =

Portals:
Hell: Depths:1 Depths:2 Depths:3 Depths:4 Depths:5
Abyss: Depths:4
Pandemonium: Depths:1 Depths:2 Depths:3
Ziggurat: Depths:3


Innate Abilities, Weirdness & Mutations

You are resistant to damage.
You can recharge devices by infusing magical energy.
You resist negative energy.
You passively map a large area around you.
You do not regenerate naturally.
You have a somewhat thin skeletal structure (Dex +2, Stealth).
Your body often deteriorates upon taking damage.
You are very frail (-20% HP).
You occasionally shout uncontrollably at your foes.
You are resistant to electric shocks.
You are weak. (Str -2)


Message History

The death ooze is almost destroyed.
You hit the azure jelly.
The azure jelly is moderately wounded.
You hit the acid blob.
Your hands burn!
The acid blob is moderately wounded.
The death ooze hits you but does no damage.
The death ooze closely misses you. You block the azure jelly's attack.
The azure jelly hits you but does no damage. x2
The azure jelly hits you.
You barely miss the azure jelly.
The azure jelly is almost dead.
You hit the acid blob.
Your hands burn!
The acid blob is heavily wounded.
You hit the azure jelly but do no damage.
The azure jelly is moderately wounded.
You hit the death ooze.
You destroy the death ooze!
That felt strangely unrewarding.
The azure jelly completely misses you. The azure jelly hits you.
The azure jelly freezes you!!
You die...

#######..##..
#####......#.....
#................
###................
#..................
#..................
##..................
###.JJ................
###....@J...............
*#.......................
* ........................
, ........................
,........................
* *
........................
*, ,
...............##.#.##..
,,...............####.####
, ..............## *#.. ,


You could see an acid blob and 2 azure jellies.

Vanquished Creatures
  the Royal Jelly (Slime:6)
  Dissolution (Slime:2)
  An ancient lich (Vaults:5)
  Mara (Snake:3)
  Sojobo (Vaults:3)
  5 golden dragons
  3 caustic shrikes (Depths:4)
  6 tentacled monstrosities
  2 liches
  Jorgrun (Vaults:4)
  Rupert (Depths:2)
  29 acid blobs
  2 deep elf master archers (Elf:3)
  12 titans
  2 deep elf blademasters (Elf:3)
  4 quicksilver dragons
  Frances (Depths:2)
  9 sphinxes
  5 shadow dragons
  2 ancient champions (Depths:2)
  12 tengu reavers
  4 storm dragons
  15 azure jellies
  5 greater nagas
  Roxanne (Elf:1)
  Ilsuiw (Shoals:3)
  The ghost of kirsanium the Imperceptible, an adept SpEn of Ashenzari (Depths:1)
  Wiglaf (Vaults:3)
  15 frost giants
  11 fire giants
  2 iron dragons (Vaults:5)
  2 orc warlords
  27 vault wardens
  A ghost moth (Depths:2)
  A ghost moth (shapeshifter) (Vaults:5)
  A balrug (Depths:2)
  Aizul (Snake:1)
  Louise (Shoals:1)
  6 deep elf sorcerers
  4 deep elf elementalists (Elf:3)
  A ghoul (Vaults:5)
  A juggernaut skeleton (Depths:4)
  A draconian zealot (Depths:5)
  18 ironheart preservers
  A draconian caller (Depths:5)
  9 very ugly things
  A reaper (Depths:5)
  3 vampire knights
  3 spriggan defenders (Depths:3)
  A war gargoyle (Vaults:4)
  30 stone giants
  Nessos (D:15)
  8 salamander stormcallers
  3 deep elf annihilators
  5 black draconians
  2 green draconians (Depths:5)
  10 deep elf demonologists (Elf:3)
  2 pale draconians (Depths:5)
  A red draconian (Depths:2)
  6 merfolk javelineers
  2 white draconians (Depths:5)
  8 death oozes
  11 spark wasps
  Snorg (Lair:5)
  4 blizzard demons (Depths:2)
  5 deep elf death magi
  17 yaktaur captains
  15 ettins
  16 merfolk impalers
  Erolcha (D:13)
  28 vault guards
  15 fire dragons
  4 deep elf high priests
  2 jiangshi (Depths:2)
  A fire dragon (shapeshifter) (Vaults:5)
  6 rakshasas
  13 great orbs of eyes
  6 entropy weavers
  3 great orbs of eyes (shapeshifter)
  17 ice dragons
  23 naga warriors
  3 spriggan air magi
  A hell beast (Depths:2)
  A caustic shrike simulacrum (Depths:3)
  11 hydras
  An iron giant zombie (Depths:4)
  3 catoblepae (Lair:8)
  5 centaur warriors
  6 merfolk avatars
  The ghost of Strylgvaidir the Thaumaturge, a journeyman GrEE of Vehumet (D:10)
  8 tengu warriors
  5 merfolk aquamancers
  26 dancing weapons
  3 death knights
  A satyr (Shoals:2)
  15 anacondas
  2 alligator snapping turtles
  18 ogre magi
  The ghost of FIQ the Spear-Bearer, a novice MfGl of Okawaru (D:9)
  23 death yaks
  16 deep troll earth magi
  7 deep troll shamans
  2 vampire magi
  The ghost of FIQ the Slicer, a journeyman VSFi of Kikubaaqudgha (Lair:1)
  31 hell knights
  7 spriggan berserkers
  A spriggan (Depths:2)
  25 deep elf knights
  14 naga sharpshooters
  6 orc high priests
  5 sun demons (Depths:2)
  A soul eater (Depths:2)
  3 fire crabs
  A titan skeleton (Depths:3)
  10 shock serpents
  6 iron trolls
  A fire crab (shapeshifter) (Vaults:1)
  3 skeletal warriors
  The ghost of FIQ the Reanimator, a novice DDNe of Makhleb (D:8)
  6 salamander mystics
  A shadow wraith (Vaults:5)
  25 sea snakes
  An unseen horror (shapeshifter) (Vaults:3)
  7 giant orange brains
  A gelid demonspawn (Depths:3)
  41 deep trolls
  A storm dragon skeleton (Depths:4)
  5 flayed ghosts
  6 naga ritualists
  3 swamp dragons (Depths:5)
  5 phantasmal warriors
  16 hill giants
  A wolf spider zombie (D:15)
  15 harpies
  25 ironbrand convokers
  4 lindwurms (Snake:4)
  A golden dragon skeleton (Depths:4)
  16 deep elf archers
  13 mana vipers
  Pikel (D:5)
  4 hornets
  14 orc knights
  A faun (shapeshifter) (Depths:3)
  10 necromancers
  A mana viper (shapeshifter) (Vaults:5)
  An orb spider (Depths:2)
  5 wolf spiders
  5 orc sorcerers
  20 griffons
  An orb spider (shapeshifter) (D:14)
  67 deep elf magi
  6 water nymphs
  A shadow dragon skeleton (Depths:3)
  20 manticores
  14 fauns
  42 ugly things
  5 shining eyes
  5 wizards
  10 cyclopes
  A sphinx skeleton (Depths:4)
  10 sirens
  An octopode (shapeshifter) (Vaults:4)
  20 salamanders
  2 guardian serpents (shapeshifter)
  12 elephants
  Joseph (D:7)
  25 vault sentinels
  47 black mambas
  31 naga magi
  A smoke demon (Depths:1)
  17 guardian serpents
  A rust devil (Depths:1)
  An ice statue (IceCv)
  4 eyes of devastation
  18 spiny frogs
  4 centaur skeletons
  2 hellions
  An efreet (D:15)
  9 komodo dragons
  3 kobold demonologists
  A redback zombie (D:15)
  A hellwing (Depths:3)
  70 yaktaurs
  6 fire drakes
  2 jumping spiders
  2 red devils
  4 tengu conjurers
  2 elf skeletons (Depths:4)
  12 trolls
  2 polar bears (shapeshifter)
  9 freezing wraiths
  4 wind drakes
  15 polar bears
  23 two-headed ogres
  39 merfolk
  Grinder (D:4)
  A wind drake (shapeshifter) (Depths:2)
  144 slime creatures
  41 blink frogs
  A blink frog (shapeshifter) (Vaults:5)
  A slime creature (shapeshifter) (Vaults:3)
  2 hornet zombies (D:15)
  11 snapping turtles
  5 boulder beetles
  2 centaur simulacra (D:15)
  4 wyverns
  20 redbacks
  A shadow (D:15)
  17 water elementals
  Sigmund (D:2)
  2 vampires (D:13)
  5 air elementals
  A hog (shapeshifter) (Vaults:3)
  56 yaks
  2 tarantellas
  A ynoxinul (Depths:1)
  A human (D:7)
  5 wraiths
  A wyvern (shapeshifter) (Vaults:4)
  9 basilisks
  12 golden eyes
  A fire bat (shapeshifter) (Elf:1)
  3 hippogriffs (shapeshifter)
  3 fire elementals
  4 steam dragons
  15 vampire mosquitoes
  21 hippogriffs
  A chaos spawn (Depths:3)
  A spriggan simulacrum (Depths:3)
  60 nagas
  33 wolves
  3 mottled dragons
  14 wargs
  22 water moccasins
  Duvessa (D:5)
  18 porcupines
  69 orc warriors
  4 slaves (D:5)
  A black bear (D:9)
  4 sky beasts
  2 black bears (shapeshifter)
  An ice beast (D:8)
  An eye of draining (shapeshifter) (Elf:2)
  13 eyes of draining
  5 phantoms
  An ogre (shapeshifter) (Vaults:4)
  A necrophage (D:10)
  A wasp (shapeshifter) (Vaults:1)
  5 wasps
  25 boggarts
  25 centaurs
  29 crocodiles
  74 ogres
  4 big kobolds
  24 giant frogs
  A glowing shapeshifter simulacrum (Depths:4)
  A gnoll sergeant (D:10)
  A human simulacrum (Depths:3)
  An earth elemental (Elf:3)
  2 wyvern skeletons
  4 scorpions
  Dowan (D:5)
  14 killer bees
  7 wights
  3 electric eels
  7 crimson imps
  37 jellies
  3 quasits
  4 centaur zombies
  3 giant frog zombies
  5 hounds
  An iron imp (Depths:3)
  5 giant frog skeletons
  2 gnoll shamans
  31 orc priests
  24 orc wizards
  Terence (D:2)
  15 iguanas
  12 worker ants
  29 sheep
  A hound zombie (D:9)
  4 worker ant zombies
  Robin (D:2)
  23 gnolls
  16 adders
  An adder (shapeshifter) (Vaults:5)
  44 river rats
  5 shadow imps
  15 white imps
  2 oozes
  4 worms
  A ball lightning (Depths:2)
  6 giant geckos
  128 orcs
  9 bats
  10 giant cockroaches
  24 goblins
  6 hobgoblins
  6 jackals (D:5)
  7 quokkas
  3 ball pythons
  8 giant newts
  20 kobolds
  A quokka skeleton (D:10)
  9 rats
  5 fungi
3019 creatures vanquished.

Vanquished Creatures (collateral kills)
  A spiny frog (Lair:4)
1 creature vanquished.

Vanquished Creatures (others)
  A tengu reaver (Vaults:3)
  A vault warden (Vaults:3)
  A fire dragon (Depths:3)
  A yaktaur captain (Depths:3)
  A vault guard (Vaults:5)
  A naga warrior (Snake:4)
  A deep elf knight (Orc:2)
  A salamander mystic (Snake:2)
  A naga mage (Snake:3)
  A redback (Depths:5)
  A naga (Snake:3)
  2 ogres (Vaults:5)
  An orc wizard (D:5)
  A ball lightning (Depths:2)
  A quokka (D:6)
  A bush (Lair:8)
  70 fungi
  87 plants
  4 tentacles (Shoals:1)
  150 tentacle segments (Shoals:1)
328 creatures vanquished.

Grand Total: 3348 creatures vanquished

Notes
Turn   | Place    | Note
--------------------------------------------------------------
     0 | D:1      | melenkurio the Deep Dwarf Earth Elementalist began the quest for the Orb.
     0 | D:1      | Reached XP level 1. HP: 15/15 MP: 3/3
   470 | D:1      | Reached XP level 2. HP: 13/22 MP: 3/5
   475 | D:1      | Learned a level 2 spell: Stoneskin
  1366 | D:2      | Found a shadowy altar of Dithmenos.
  1366 | D:2      | Found a snail-covered altar of Cheibriados.
  1370 | D:2      | Found a white marble altar of Elyvilon.
  1370 | D:2      | Found a burning altar of Makhleb.
  1372 | D:2      | Found a blossoming altar of Fedhas.
  1372 | D:2      | Found a shattered altar of Ashenzari.
  1378 | D:2      | Became a worshipper of Makhleb the Destroyer
  1467 | D:2      | Reached XP level 3. HP: 16/28 MP: 4/6
  1474 | D:2      | Learned a level 3 spell: Stone Arrow
  1566 | D:2      | Found an iron altar of Okawaru.
  1791 | D:2      | Reached skill level 5 in Earth Magic
  1910 | D:2      | Noticed Sigmund
  2083 | D:2      | Reached XP level 4. HP: 34/36 MP: 5/8
  2088 | D:2      | Noticed Robin
  2097 | D:2      | Reached * piety under Makhleb
  2544 | D:2      | Killed Robin
  2600 | D:2      | Noticed Terence
  2611 | D:2      | Killed Terence
  2828 | D:2      | HP: 1/36 [Sigmund/puff of flame (6)]
  2831 | D:2      | Killed Sigmund
  2831 | D:2      | Reached skill level 6 in Earth Magic
  2831 | D:2      | Reached XP level 5. HP: 30/42 MP: 9/11
  2831 | D:2      | Reached XP level 6. HP: 35/49 MP: 9/12
  3116 | D:3      | Learned a level 3 spell: Passwall
  3302 | D:3      | Reached ** piety under Makhleb
  3309 | D:3      | Reached skill level 7 in Earth Magic
  4108 | D:4      | Reached skill level 1 in Conjurations
  4627 | D:4      | Learned a level 4 spell: Petrify
  4670 | D:4      | Reached XP level 7. HP: 55/55 MP: 8/13
  4756 | D:4      | Noticed Grinder
  4769 | D:4      | Killed Grinder
  4769 | D:4      | Reached skill level 5 in Spellcasting
  4769 | D:4      | Reached skill level 8 in Earth Magic
  4871 | D:4      | Reached *** piety under Makhleb
  5141 | D:4      | Got an ancient leather armour
  5153 | D:4      | Identified the +0 leather armour "Xagof" {+Inv rElec rF- Int+2} (You found it on level 4 of the Dungeon)
  5627 | D:5      | Entered Level 5 of the Dungeon
  5733 | D:5      | Noticed Dowan
  5734 | D:5      | Noticed Duvessa
  5774 | D:5      | Killed Dowan
  5774 | D:5      | Reached XP level 8. HP: 62/62 MP: 12/15
  6111 | D:5      | Killed Duvessa
  6144 | D:5      | Found a staircase to the Ecumenical Temple.
  6153 | Temple   | Entered the Ecumenical Temple
  6277 | D:5      | Reached skill level 9 in Earth Magic
  6286 | D:5      | Learned a level 5 spell: Lee's Rapid Deconstruction
  6435 | D:5      | Noticed Pikel
  6465 | D:5      | Killed Pikel
  6548 | D:5      | Identified a cursed +1 rod of destruction (14/14) (You found it on level 5 of the Dungeon)
  6708 | D:5      | Reached **** piety under Makhleb
  7280 | D:6      | Reached skill level 5 in Conjurations
  7280 | D:6      | Reached skill level 10 in Earth Magic
  7479 | D:6      | Gained mutation: You passively map the area around you. [Deep Dwarf growth]
  7479 | D:6      | Reached XP level 9. HP: 68/68 MP: 4/17
  7948 | D:6      | Found a basalt altar of Yredelemnul.
  7951 | D:6      | Noticed a profane servitor
  7960 | D:6      | Found a glowing golden altar of the Shining One.
  7962 | D:6      | Noticed an angel
  8746 | D:7      | Reached skill level 11 in Earth Magic
  9223 | D:7      | Noticed Joseph
  9242 | D:7      | Killed Joseph
  9368 | D:7      | Reached XP level 10. HP: 50/75 MP: 13/20
  9424 | D:7      | Found a shadowy altar of Dithmenos.
 10322 | D:8      | Noticed FIQ's ghost (novice DDNe)
 10666 | D:8      | Reached ***** piety under Makhleb
 11061 | D:8      | Killed FIQ's ghost
 11061 | D:8      | Reached skill level 12 in Earth Magic
 11249 | D:8      | Found a staircase to the Lair.
 12386 | Lair:1   | Entered Level 1 of the Lair of Beasts
 12396 | Lair:1   | Noticed a spiny frog
 12403 | Lair:1   | Killed a spiny frog
 12403 | Lair:1   | Reached skill level 1 in Fighting
 12563 | Lair:1   | Found a frozen archway.
 12761 | IceCv    | Entered an ice cave
 12796 | IceCv    | Reached skill level 5 in Dodging
 12796 | IceCv    | Reached XP level 11. HP: 90/90 MP: 1/22
 13291 | IceCv    | Reached skill level 5 in Fighting
 13541 | IceCv    | Noticed a frost giant
 13778 | IceCv    | Gained mutation: You have a somewhat thin skeletal structure (Dex +2, Stealth). [potion of beneficial mutation]
 13882 | IceCv    | Reached ****** piety under Makhleb
 14243 | Lair:1   | Learned a level 6 spell: Haste
 14562 | Lair:1   | Noticed a six-headed hydra
 14567 | Lair:1   | Killed a six-headed hydra
 14569 | Lair:1   | Noticed FIQ's ghost (journeyman VSFi)
 14708 | Lair:1   | Killed FIQ's ghost
 14992 | Lair:1   | Reached XP level 12. HP: 104/109 MP: 13/23
 15665 | Lair:2   | Got a scorched amethyst amulet
 15671 | Lair:2   | Identified the amulet "Rusosm" {Dismiss Dex+4} (You found it on level 2 of the Lair of Beasts)
 15904 | Lair:2   | Reached skill level 10 in Dodging
 17409 | Lair:3   | Gained mutation: You are resistant to electric shocks. [potion of beneficial mutation]
 18085 | Lair:4   | Found a staircase to the Snake Pit.
 18867 | Lair:4   | Found a staircase to the Shoals.
 18921 | Lair:4   | Reached skill level 10 in Fighting
 19176 | Lair:4   | Noticed a seven-headed hydra
 19188 | Lair:4   | Killed a seven-headed hydra
 19450 | Lair:4   | Reached XP level 13. HP: 123/123 MP: 3/24
 19676 | Lair:5   | Noticed Snorg
 19681 | Lair:5   | Killed Snorg
 19681 | Lair:5   | Reached skill level 1 in Charms
 21121 | Lair:6   | Got a heavily runed leather armour
 21132 | Lair:6   | Identified the +5 leather armour of Ran Botz {rPois Str+9} (You found it on level 6 of the Lair of Beasts)
 21300 | Lair:6   | Reached skill level 5 in Charms
 22209 | Lair:6   | Got a bloodstained broad axe
 22210 | Lair:6   | Identified the +7 broad axe "Tywu" {chop, Str+4 Dex+2} (You found it on level 6 of the Lair of Beasts)
 23038 | Lair:7   | Reached skill level 13 in Earth Magic
 25187 | Lair:8   | Entered Level 8 of the Lair of Beasts
 25689 | Lair:8   | Identified a scroll of acquirement
 25692 | Lair:8   | Got a dazzling cloak
 25704 | Lair:8   | Identified the +1 cloak "Qirihubuock" {rPois Dex+4} (You acquired it on level 8 of the Lair of Beasts)
 25798 | Lair:8   | Gained mutation: You resist negative energy. [Deep Dwarf growth]
 25798 | Lair:8   | Reached XP level 14. HP: 132/132 MP: 16/26
 25960 | Lair:8   | Found a staircase to the Slime Pits.
 26474 | Lair:8   | Reached skill level 14 in Earth Magic
 26923 | Lair:8   | Reached skill level 10 in Spellcasting
 27538 | Lair:8   | Reached skill level 10 in Conjurations
 30839 | Lair:8   | Reached XP level 15. HP: 138/138 MP: 18/28
 30844 | Lair:8   | Reached skill level 10 in Charms
 31695 | D:9      | Noticed FIQ's ghost (novice MfGl)
 31994 | D:9      | Killed FIQ's ghost
 32170 | D:9      | Found an oddly glowing altar of Pakellas.
 32170 | D:9      | Found a glowing silver altar of Zin.
 32171 | D:9      | Found a deep blue altar of Sif Muna.
 32847 | D:9      | Found Huto Ruu's Magic Scroll Emporium.
 32852 | D:9      | Bought a scroll of enchant armour for 112 gold pieces
 32857 | D:9      | Upgraded the game from 0.18-a0-1071-g9f02aef to 0.18-a0-1084-g259f6cf
 32861 | D:9      | Bought a scroll of recharging for 142 gold pieces
 32861 | D:9      | Bought a scroll of teleportation for 45 gold pieces
 32874 | D:10     | Entered Level 10 of the Dungeon
 33191 | D:10     | Noticed Strylgvaidir's ghost (journeyman GrEE)
 33212 | D:10     | Killed Strylgvaidir's ghost
 34435 | D:11     | Found a shattered altar of Ashenzari.
 34625 | D:11     | Reached skill level 15 in Earth Magic
 34985 | D:11     | Found a staircase to the Orcish Mines.
 35299 | Orc:1    | Entered Level 1 of the Orcish Mines
 35299 | Orc:1    | Noticed an orc warlord
 35791 | D:11     | Killed an orc warlord
 36910 | Orc:2    | Entered Level 2 of the Orcish Mines
 37460 | Orc:2    | Found Tekyci's Antique Armour Boutique.
 37680 | Orc:2    | Found Uweuc's General Store.
 37680 | Orc:2    | Noticed an orc warlord
 37930 | Orc:2    | Killed an orc warlord
 38646 | Orc:2    | Found a staircase to the Elven Halls.
 38803 | Orc:2    | Found Utzyll's Antique Weapon Shoppe.
 38881 | Orc:2    | Found Rikeg's Jewellery Boutique.
 38889 | Orc:2    | Bought the ring of the Final Chapter {rF+ Int+5} for 425 gold pieces
 38913 | Orc:2    | Bought a faintly humming robe for 131 gold pieces
 38913 | Orc:2    | Bought a scorched ring mail for 207 gold pieces
 38923 | Orc:2    | Identified the +2 robe of Wusmok {rN+++ Slay-2 SInv Stlth-} (You bought it in a shop on level 2 of the Orcish Mines)
 38933 | Orc:2    | Identified the cursed +0 ring mail of Theory {MR+} (You bought it in a shop on level 2 of the Orcish Mines)
 39427 | Orc:1    | Found Ohyfacil's General Store.
 39649 | Orc:1    | Bought a beef jerky for 19 gold pieces
 39988 | Elf:1    | Entered Level 1 of the Elven Halls
 40009 | Elf:1    | Reached skill level 16 in Earth Magic
 41228 | D:12     | Upgraded the game from 0.18-a0-1084-g259f6cf to 0.18-a0-1105-ge9caa06
 41307 | D:12     | Reached skill level 1 in Axes
 41771 | D:12     | Found a portal to a secret trove of treasure.
 42380 | D:13     | Reached skill level 1 in Shields
 42384 | D:13     | Noticed Erolcha
 42387 | D:13     | Killed Erolcha
 42387 | D:13     | Reached XP level 16. HP: 146/146 MP: 16/30
 43910 | D:14     | Reached skill level 5 in Axes
 44381 | D:14     | Found a gate to the Vaults.
 44386 | D:14     | Got a vibrating ivory ring
 44389 | D:14     | Identified the ring "Ciclenoz" {rC+ Stlth-} (You found it on level 14 of the Dungeon)
 44538 | D:15     | Entered Level 15 of the Dungeon
 44963 | D:15     | Noticed Nessos
 44969 | D:15     | Killed Nessos
 45155 | D:15     | Found a staircase to the Depths.
 45744 | D:14     | Got a fine ring mail
 45758 | D:14     | Identified the +0 ring mail of Batiwk {rPois} (You took it off an orc on level 14 of the Dungeon)
 46140 | D:15     | Reached skill level 17 in Earth Magic
 46804 | Snake:1  | Entered Level 1 of the Snake Pit
 46804 | Snake:1  | Found Kisaacarch's General Store.
 47221 | Snake:1  | Found Cuxuroh's Book Shoppe.
 47448 | Snake:1  | Found Zitwidgh's Weapon Shop.
 47711 | Snake:1  | Found Matucw's Gadget Shop.
 47911 | Snake:1  | Found Hanomi's Book Emporium.
 47951 | Snake:1  | Noticed Aizul
 47975 | Snake:1  | Killed Aizul
 48417 | Snake:2  | Found a shimmering altar of Xom.
 48424 | Snake:2  | Reached XP level 17. HP: 153/153 MP: 18/32
 50724 | Snake:3  | Reached skill level 18 in Earth Magic
 51430 | Snake:3  | Noticed Mara
 51976 | Snake:3  | Noticed melenkurio's illusion
 52095 | Snake:3  | Noticed melenkurio's illusion
 52421 | Snake:3  | Noticed melenkurio's illusion
 52541 | Snake:3  | Killed Mara
 52666 | Snake:4  | Entered Level 4 of the Snake Pit
 54419 | Snake:3  | Gained mutation: You passively map a large area around you. [Deep Dwarf growth]
 54419 | Snake:3  | Reached XP level 18. HP: 123/163 MP: 8/33
 55315 | Snake:4  | Got a heavily runed leather armour
 56036 | Snake:4  | Found a glowing golden altar of the Shining One.
 56566 | Snake:4  | Identified the +3 leather armour of Indecent Exposure {*Contam rN+ Dex+4} (You found it on level 4 of the Snake Pit)
 57970 | Snake:4  | Reached skill level 19 in Earth Magic
 58309 | Snake:4  | Got a serpentine rune of Zot
 58661 | Shoals:1 | Entered Level 1 of the Shoals
 58769 | Shoals:1 | Noticed Louise
 58778 | Shoals:1 | Killed Louise
 60006 | Shoals:1 | Found Gigh's Assorted Antiques.
 60014 | Shoals:1 | Bought a paperback book for 660 gold pieces
 60563 | Shoals:2 | Reached XP level 19. HP: 175/175 MP: 17/35
 61219 | Shoals:2 | Upgraded the game from 0.18-a0-1105-ge9caa06 to 0.18-a0-1125-g2bdabe5
 62333 | Shoals:3 | Upgraded the game from 0.18-a0-1125-g2bdabe5 to 0.18-a0-1140-g8540535
 62841 | Shoals:3 | Found Lupt's Weapon Shop.
 63721 | Shoals:4 | Entered Level 4 of the Shoals
 63743 | Shoals:4 | Noticed Ilsuiw
 63950 | Shoals:3 | Killed Ilsuiw
 65125 | Shoals:4 | Reached skill level 20 in Earth Magic
 65644 | Shoals:4 | Got a barnacled rune of Zot
 65778 | Shoals:4 | Reached skill level 10 in Axes
 66620 | Vaults:1 | Entered Level 1 of the Vaults
 67862 | Vaults:1 | Reached XP level 20. HP: 186/186 MP: 33/36
 68025 | Vaults:1 | Reached skill level 15 in Dodging
 68027 | Vaults:1 | Upgraded the game from 0.18-a0-1140-g8540535 to 0.18-a0-1143-gb5f7fae
 69621 | D:12     | You paid a toll of a +4 demon blade to enter a treasure trove
 69622 | Trove    | Entered a treasure trove
 70452 | Vaults:2 | Upgraded the game from 0.18-a0-1143-gb5f7fae to 0.18-a0-1147-g8e8348b
 71312 | Vaults:2 | Reached skill level 15 in Conjurations
 71992 | Vaults:2 | Found a radiant altar of Vehumet.
 72021 | Vaults:2 | Learned a level 6 spell: Iron Shot
 72423 | Vaults:3 | Learned a level 7 spell: Orb of Destruction
 72801 | Vaults:3 | Reached skill level 1 in Invocations
 72805 | Vaults:3 | Noticed Sojobo
 72853 | Vaults:3 | Noticed Wiglaf
 72871 | Vaults:3 | HP: 8/187 [Wiglaf/battleaxe of chopping (48)]
 72874 | Vaults:3 | Killed Wiglaf
 72915 | Vaults:3 | Reached XP level 21. HP: 135/194 MP: 22/37
 72988 | Vaults:3 | Reached skill level 21 in Earth Magic
 73043 | Vaults:3 | Found Enout's Weapon Boutique.
 73597 | Vaults:3 | HP: 1/195 [vault warden/glaive (59)]
 74116 | Vaults:3 | Killed Sojobo
 74202 | Vaults:3 | Found a staircase to the Crypt.
 74202 | Vaults:3 | Found an ancient bone altar of Kikubaaqudgha.
 74203 | Vaults:3 | Found a basalt altar of Yredelemnul.
 74586 | Vaults:4 | Noticed Jorgrun
 74594 | Vaults:4 | Killed Jorgrun
 74667 | Vaults:4 | Found Irawnick's Distillery.
 74676 | Vaults:4 | Bought a potion of beneficial mutation for 420 gold pieces
 74682 | Vaults:4 | Gained mutation: You are agile. (Dex +2) [potion of beneficial mutation]
 75057 | Vaults:4 | Found Exeheif's Armour Boutique.
 76211 | Vaults:4 | Reached skill level 15 in Spellcasting
 76863 | Vaults:4 | Found Idageihu's Assorted Antiques.
 77148 | Vaults:4 | Reached XP level 22. HP: 191/206 MP: 32/39
 77227 | Vaults:5 | Entered Level 5 of the Vaults
 77918 | Elf:1    | Found Numil's Antique Armour Shoppe.
 78197 | Elf:1    | Noticed Roxanne
 78237 | Elf:1    | Killed Roxanne
 78244 | Elf:1    | Identified Roxanne's Papyrus of Moulding (You took it off Roxanne on level 1 of the Elven Halls)
 78739 | Elf:2    | Upgraded the game from 0.18-a0-1147-g8e8348b to 0.18-a0-1159-gf481d65
 79238 | Elf:2    | Found a huge runed gate.
 79238 | Elf:2    | Found a huge runed gate.
 79238 | Elf:2    | Found a huge runed gate.
 79238 | Elf:2    | Found a huge runed gate.
 79238 | Elf:2    | Found a huge runed gate.
 80353 | Elf:3    | Entered Level 3 of the Elven Halls
 80360 | Elf:3    | Reached skill level 22 in Earth Magic
 80456 | Elf:3    | Found Ronoiman's Armour Boutique.
 80484 | Elf:3    | Found Geluw's General Store.
 81836 | Elf:3    | Found Ageycsin's Magic Scroll Emporium.
 81870 | Elf:3    | Bought a scroll of blinking for 97 gold pieces
 82049 | Elf:3    | Found Samanuh's Antique Armour Shoppe.
 82054 | Elf:3    | Bought a glowing buckler for 157 gold pieces
 82283 | Elf:3    | Got a vibrating pewter ring
 82289 | Elf:3    | Identified the ring "Cywaostri" {*Tele *Drain rN+ MR++ Str+2} (You took it off a deep elf demonologist on level 3 of the Elven Halls)
 82574 | Elf:3    | Identified the Catalogue of Unholy Arts
 82580 | Elf:3    | Identified the Disquisition on Dark Secrets (You found it on level 3 of the Elven Halls)
 82643 | Elf:3    | Got a clouded ivory ring
 82646 | Elf:3    | Identified the ring of Giwud {MR+ Str+4 Int+3} (You took it off a deep elf archer on level 3 of the Elven Halls)
 82937 | Depths:1 | Entered Level 1 of the Depths
 82944 | Depths:1 | Noticed kirsanium's ghost (adept SpEn)
 82946 | Depths:1 | Killed kirsanium's ghost
 83019 | Depths:1 | Found a gateway to Hell.
 83336 | Depths:1 | Found a one-way gate leading to the halls of Pandemonium.
 83665 | Depths:1 | Reached XP level 23. HP: 216/216 MP: 11/40
 84643 | Depths:2 | Reached skill level 15 in Fighting
 84800 | Depths:2 | Noticed Frances
 84805 | Depths:2 | Killed Frances
 86124 | Depths:2 | Got a shimmering robe
 86135 | Depths:2 | Identified the +1 robe of Jigsaw {Str+3} (You took it off a yaktaur on level 2 of the Depths)
 86522 | Depths:2 | Found a large runed door.
 86522 | Depths:2 | Found a large runed door.
 86900 | Depths:2 | Noticed Rupert
 86952 | Depths:2 | Killed Rupert
 88669 | Depths:2 | Got a crude zirconium amulet
 88871 | Depths:2 | Upgraded the game from 0.18-a0-1159-gf481d65 to 0.18-a0-1164-g7046a04
 89131 | Depths:3 | Reached skill level 23 in Earth Magic
 90226 | Depths:3 | Reached XP level 24. HP: 226/226 MP: 36/41
 90285 | Depths:3 | Identified the amulet of Udetuos {Spirit Dex+3} (You took it off a hell knight on level 2 of the Depths)
 92123 | Depths:3 | Reached skill level 15 in Axes
 92682 | Depths:3 | Found a gateway to a ziggurat.
 94386 | Depths:4 | Found a one-way gate to the infinite horrors of the Abyss.
 96546 | Depths:4 | Reached XP level 25. HP: 210/236 MP: 35/41
 97035 | Depths:4 | Identified the Disquisition on Stones and Conjuration (You found it on level 4 of the Depths)
 97107 | Depths:5 | Entered Level 5 of the Depths
 97118 | Depths:5 | Reached skill level 24 in Earth Magic
 97922 | Depths:5 | Upgraded the game from 0.18-a0-1164-g7046a04 to 0.18-a0-1202-g796ae12
 98362 | Depths:5 | Found Waavu Bupp's Jewellery Shoppe.
100664 | Depths:5 | Found a gate to the Realm of Zot.
101876 | Vaults:4 | Reached skill level 1 in Armour
102042 | Vaults:5 | Found Doniol's Antique Weapon Boutique.
102050 | Vaults:5 | Noticed an ancient lich
102302 | Vaults:5 | Killed an ancient lich
102365 | Vaults:4 | Reached XP level 26. HP: 221/248 MP: 5/42
102685 | Vaults:5 | Identified the Guide on Evil Magic (You found it on level 5 of the Vaults)
102693 | Vaults:5 | Reached skill level 5 in Armour
102693 | Vaults:5 | Reached XP level 27. HP: 242/256 MP: 28/42
102706 | Vaults:5 | Got a fine tin ring
102709 | Vaults:5 | Identified the ring "Zulutoyn" {+Fly rN+ MP+9 Int+4 Dex+3} (You found it on level 5 of the Vaults)
103689 | Vaults:5 | Upgraded the game from 0.18-a0-1202-g796ae12 to 0.18-a0-1203-gbde16db
104014 | Vaults:5 | Got a twitching brass ring
104130 | Vaults:5 | Identified the ring of Surprise {rElec Int+4 Dex+3 Slay+3} (You took it off a hell knight on level 5 of the Vaults)
104136 | Vaults:5 | Got a pair of polished boots
104147 | Vaults:5 | Identified the +1 pair of boots of the Leaf {rF+ rCorr} (You found it on level 5 of the Vaults)
104609 | Vaults:5 | Found Rurphist's Magic Scroll Shoppe.
104609 | Vaults:5 | Found Dohaevumn's Distillery.
104613 | Vaults:5 | Bought a scroll of acquirement for 728 gold pieces
104613 | Vaults:5 | Bought a scroll of blinking for 105 gold pieces
104617 | Vaults:5 | Identified the Incunabulum of Conjuration and Heat (You acquired it on level 5 of the Vaults)
104859 | Vaults:5 | Bought a potion of heal wounds for 95 gold pieces
104859 | Vaults:5 | Bought a potion of magic for 152 gold pieces
104871 | Vaults:5 | Got a silver rune of Zot
104936 | Vaults:5 | Found Nylaq's Food Shop.
106891 | Slime:1  | Entered Level 1 of the Pits of Slime
107877 | Slime:3  | Noticed Dissolution
107904 | Slime:2  | Killed Dissolution
108658 | Slime:4  | Gained mutation: You are frail (-10% HP). [a shining eye]
108661 | Slime:4  | Gained mutation: You are very frail (-20% HP). [a shining eye]
108663 | Slime:4  | Gained mutation: Your body sometimes deteriorates upon taking damage. [a shining eye]
108667 | Slime:4  | Gained mutation: You occasionally shout uncontrollably at your foes. [a shining eye]
108741 | Slime:4  | Gained mutation: You are weak. (Str -2) [a shining eye]
109523 | Slime:5  | Reached skill level 10 in Armour
109901 | Slime:6  | Entered Level 6 of the Pits of Slime
110007 | Slime:6  | Noticed the Royal Jelly
110217 | Slime:6  | Gained mutation: Your body often deteriorates upon taking damage. [a shining eye]
110220 | Slime:6  | Lost mutation: You are agile. (Dex +2) [a shining eye]
110728 | Slime:6  | Found a viscous altar of Jiyva.
110971 | Slime:6  | Killed the Royal Jelly
110971 | Slime:6  | Reached skill level 5 in Stealth
111116 | Slime:6  | Slain by an azure jelly

Vault maps used:
D:1:      ncdulo_watergridlock, minmay_misc_feat_nine_boxes
D:2:      grunt_temple_overflow_open, old_standard_altar, first_bread,
          kennysheep_generic_room_15, uniq_sigmund, uniq_robin, uniq_terence
D:3:      serial_bayou_pond_a
D:4:      corexii_shack_village, uniq_grinder
D:5:      temple_statues, grunt_ministairs_10, uniq_duvessa, uniq_pikel
D:6:      grunt_temple_overflow_holy_war
D:7:      grunt_livestock, corexii_hall_statues_deadend, minmay_misc_feat_chi,
          grunt_dithmenos_smoke, uniq_joseph
D:8:      due_lair_maze_entry_diamond
D:9:      minitemple, serial_shops, kennysheep_little_box
D:11:     hiddenorc1_lemuel, nicolae_ashenzari_panopticon
D:12:     enter_trove_5
D:13:     uniq_erolcha
D:14:     david_vaults_4, minivault_24, minmay_misc_feat_columns
D:15:     grunt_enter_depths_magical_seal, corexii_leaking_fountain, uniq_nessos
Temple:   minmay_temple_bridge_b_8
Lair:1:   portal_ice_cave_entry_imps, st_stairs_3, serial_bayou_shore_b,
          grunt_megastairs_2
Lair:2:   serial_bayou_pond_d, serial_bayou_pond_a, lemuel_fruit_tree
Lair:4:   minmay_shoals_entry_centaurs, guppyfry_snake_entry_island,
          nicolae_quartered_pool_super
Lair:5:   grunt_megastairs_1, uniq_snorg
Lair:6:   minivault_26, lemuel_fruit_fields
Lair:7:   serial_bayou_shore_b, grunt_megastairs_4, bh_autumn_forest_stairs
Lair:8:   evilmike_catoblepas_cave, minmay_slime_entry_jelly_boxes,
          guppyfry_lair_drakes, lemuel_fruit_fields
Shoals:1: cheibrodos_shoals_roost, serial_shops, shop, uniq_louise
Shoals:2: nicolae_shoals_hunting_party
Shoals:3: serial_shops, shop, st_sunken_temple
Shoals:4: shoals_end_hangedman, shoals_ilsuiw_alternative
Snake:1:  serial_shops, shop, nicolae_shop_stone, shop,
          nicolae_shop_behind_doors, shop, serial_bayou_shore_b, uniq_aizul
Snake:2:  basic_altar, special_room, grunt_ministairs_5,
          nrook_guardian_serpent_double
Snake:3:  nicolae_snake_round_shape_thing, minmay_snake_pond, uniq_mara
Snake:4:  snake_pit_salamanders_mu, basic_altar, serial_bayou_lake_a
Slime:3:  dissolution_awaits
Orc:1:    nicolae_volcano_entry_two_sided, serial_shops,
          nicolae_shop_behind_doors
Orc:2:    grunt_orc_gardens, grunt_orc_garden, grunt_orc_garden,
          grunt_orc_garden, grunt_orc_garden, nicolae_orc_sculptors_studio
Elf:1:    minmay_elf_arrival_circle, serial_shops, shop,
          kennysheep_underground_church, uniq_roxanne
Elf:2:    serial_sigils_hangedman_writhe
Elf:3:    elf_hall_gauntlet_narrow, serial_shops, nicolae_shop_behind_doors,
          shop_statue, shop, shop
Vaults:1: vaults_room_door_ring, nicolae_vaults_gold_heap,
          nicolae_vaults_little_squares_5, nicolae_vaults_yaktaur_gun_rack
Vaults:2: nicolae_vaults_disjoint_gnomons, ontoclasm_vaults_fault, serial_ice_m,
          v_misc_10, v_rooms_4, dpeg_vaults_monster_row, vaults_room_fours,
          nicolae_vaults_little_squares_2, nicolae_vaults_circle_grid_b,
          ontoclasm_vaults_ring_small, v_misc_26,
          nicolae_vaults_little_squares_4, grunt_tower_of_power
Vaults:3: v_rooms_4, ontoclasm_vaults_tryst, minmay_crypt_entry_necro_gods,
          nicolae_vaults_branching_niches, vaults_mumra_minichess_inversion,
          hangedman_vaults_corner_blocks, vaults_dpeg_hooks,
          nicolae_vaults_theta, v_misc_5, grunt_vaults_funnel,
          nicolae_vaults_theta, ontoclasm_vaults_eye, serial_shops,
          nicolae_shop_crystal, uniq_sojobo, uniq_wiglaf
Vaults:4: nicolae_vaults_border_crossing, st_eye, hangedman_vaults_maws,
          hangedman_vaults_stretched_pinwheel, ontoclasm_vaults_pinch,
          nicolae_vaults_diagonal_hallway_6, nicolae_vaults_rhombus_7,
          v_misc_12, v_alt_pattern_6, hangedman_vaults_slice, v_misc_5,
          nicolae_vaults_angled_halls, serial_shops, shop, shop, shop_fountains,
          uniq_jorgrun
Vaults:5: serial_shops
Depths:1: rand_demon_pan_entry_7, hell_entry, hangedman_decor_lopped,
          feat_on_display
Depths:2: lightli_eight_chambers, pan_entry, kennysheep_big_empty_room,
          lightli_too_deep, sword_in_stone
Depths:3: minmay_box_of_statues, enter_ziggurat_a, hex_medium,
          grunt_pan_entry_in_and_out, hell_entry,
          hangedman_abyss_or_decor_slice, minmay_staircase_statues_hall_small
Depths:4: grunt_runaround, hell_entry, serial_shops, abyss_entry
Depths:5: evilmike_zot_entry_gauntlet, serial_shops, nicolae_shop_waterfront,
          dk_noncrumbling_3, hell_entry
Trove:    trove_jewel_1
IceCv:    ice_cave_small_giant

Action                   |  1- 3 |  4- 6 |  7- 9 | 10-12 | 13-15 | 16-18 | 19-21 | 22-24 | 25-27 || total
-------------------------+-------+-------+-------+-------+-------+-------+-------+-------+-------++-------
Melee: Short sword       |     7 |       |       |       |       |       |       |       |       ||     7
       Dagger            |     5 |    25 |    11 |    49 |   107 |       |       |       |       ||   197
       Scythe            |       |    26 |       |    97 |   101 |       |       |       |       ||   224
       Rod               |       |       |     5 |     2 |       |       |       |       |       ||     7
       Broad axe         |       |       |       |       |   196 |   791 |  1240 |   371 |  1044 ||  3642
       Staff             |       |       |       |       |    18 |     6 |     7 |    15 |     8 ||    54
 Cast: Sandblast         |    61 |   109 |    80 |   205 |    71 |       |     1 |       |       ||   527
       Stone Arrow       |       |       |    67 |   281 |   880 |   666 |   308 |       |       ||  2202
       Lee's Rapid Decon |       |       |       |    22 |    98 |   183 |   184 |   190 |    30 ||   707
       Petrify           |       |       |       |     3 |    12 |     6 |     8 |    11 |     3 ||    43
       Stoneskin         |       |       |       |       |     7 |    10 |    53 |    10 |    10 ||    90
       Haste             |       |       |       |       |    15 |    12 |    23 |    23 |    43 ||   116
       Passwall          |       |       |       |       |     1 |       |       |       |       ||     1
       Iron Shot         |       |       |       |       |       |       |   115 |   482 |   279 ||   876
       Orb of Destructio |       |       |       |       |       |       |    58 |   139 |    94 ||   291
 Abil: Device Recharging |       |     1 |       |       |       |       |     1 |       |       ||     2
Evoke: Wand              |     3 |     2 |     1 |     6 |       |    10 |    12 |     8 |     4 ||    46
       Rod               |       |       |    17 |     3 |       |       |       |       |       ||    20
  Use: Scroll            |     7 |     1 |     4 |    16 |    11 |     4 |    24 |    13 |     5 ||    85
       Potion            |     1 |       |     3 |     4 |     1 |     3 |     9 |       |     2 ||    23
 Stab: Petrified         |       |       |       |       |       |     1 |     1 |       |       ||     2
       Distracted        |       |       |       |       |       |       |     1 |       |     6 ||     7
       Sleeping          |       |       |       |       |       |       |       |       |     2 ||     2
  Eat: Chunk             |     4 |     8 |    14 |    35 |    82 |    33 |    71 |   128 |    49 ||   424
       Pizza             |       |       |     1 |       |       |       |       |       |     1 ||     2
       Bread ration      |       |       |     1 |       |       |     5 |     3 |     1 |     2 ||    12
       Fruit             |       |       |       |     1 |     4 |     9 |       |     1 |     2 ||    17
       Beef jerky        |       |       |       |       |       |       |     2 |       |       ||     2
